 Dungeon Crawl Stone Soup version 0.24.0-2-g5b39cebb1c (webtiles) character file.

Game seed: 15276140944539347626, levelgen mode: deterministic

633 Esekla the Magician (level 7, -3/32 HPs)
             Began as a Spriggan Wizard on Nov 1, 2019.
             Was an Initiate of Ashenzari.
             Killed from afar by an oklob plant (8 damage)
             ... with a splash of acid
             ... created by the enmity of Fedhas Madash
             ... on level 3 of the Dungeon.
             The game lasted 00:33:12 (4088 turns).

Esekla the Magician (Spriggan Wizard)               Turns: 4088, Time: 00:33:13

Health: -3/32      AC: 10    Str:  4    XL:     7   Next: 24%
Magic:  5/16       EV: 19    Int: 21    God:    Ashenzari [......]
Gold:   238        SH:  0    Dex: 14    Spells: 8/17 levels left

rFire    . . .     SeeInvis +   p - +2 long sword (protect)
rCold    . . .     Gourm    .   (shield restricted)
rNeg     . . .     Faith    .   a - +0 robe
rPois    .         Spirit   .   b - +0 hat
rElec    .         Reflect  .   w - +0 cloak
rCorr    .         Harm     .   (gloves unavailable)
MR       +....                  (boots unavailable)
Stlth    +++.......             (no amulet)
HPRegen  0.10/turn              (no ring)
MPRegen  0.15/turn              (no ring)

@: lethally poisoned (-3 -> -6), protection aura, very quick
A: very small, unfitting armour, see invisible, herbivore, speed 3, slow
metabolism 2
a: Curse Item, Renounce Religion


You were on level 3 of the Dungeon.
You worshipped Ashenzari.
Ashenzari was noncommittal.
You were not hungry.

You visited 1 branch of the dungeon, and saw 4 of its levels.

You collected 238 gold pieces.

Inventory:

Hand Weapons
 p - a +2 long sword of protection (weapon)
 s - a +0 short sword
 x - a +1 dagger of venom
Missiles
 m - 3 boomerangs (quivered)
Armour
 a - a +0 robe (worn)
 b - a +0 hat (worn)
 w - a +0 cloak (worn)
Jewellery
 g - an uncursed ring of fire
Wands
 k - a wand of digging (7)
 r - a wand of random effects (15)
 v - a wand of scattershot (4)
Scrolls
 e - a scroll of magic mapping {unknown}
 j - 5 scrolls of identify {unknown}
 l - a scroll of fear {unknown}
 o - 2 scrolls of remove curse
 q - a scroll of amnesia {unknown}
 u - a scroll of random uselessness {unknown}
Potions
 c - 2 potions of mutation {unknown}
 f - 3 potions of brilliance {unknown}
 h - 2 potions of curing {unknown}
 i - a potion of might {unknown}
 n - a potion of degeneration {unknown}
 t - a potion of flight {unknown}
Comestibles
 d - 8 rations


   Skills:
 - Level 0.3(2.3) Short Blades
 * Level 2.8(2.9) Long Blades
 + Level 3.9 Dodging
 + Level 4.5 Stealth
 + Level 5.8 Spellcasting
 + Level 1.0 Conjurations
   Level 0.7 Summonings
 * Level 4.3 Translocations
 * Level 1.8 Fire Magic
 * Level 1.7 Air Magic
 * Level 1.6 Poison Magic


You had 8 spell levels left.
You knew the following spells:

 Your Spells              Type           Power        Failure   Level  Hunger
a - Magic Dart            Conj           ##..         6%          1    None
b - Blink                 Tloc           N/A          2%          2    None
c - Mephitic Cloud        Conj/Pois/Air  ##......     16%         3    ##.....
d - Conjure Flame         Conj/Fire      ##......     17%         3    ##.....

Your spell library contained the following spells:

 Spells                   Type           Power        Failure   Level  Hunger
 Call Imp                 Summ           #.......     11%         2    None
 Slow                     Hex            #.......     16%         2    None


Dungeon Overview and Level Annotations

Branches:
Dungeon (4/15)
 Temple: D:4-7

Altars:
Ashenzari
Fedhas
Ru
Trog

Annotations:
D:2 Terence
D:3 exclusion: 2 oklob plants


Innate Abilities, Weirdness & Mutations

You are very small and have problems with some larger weapons.
You are too small for most types of armour.
You have supernaturally acute eyesight. (SInv)
You are a herbivore.
You cover ground extremely quickly.
You need to consume almost no food.


Message History

You feel sick.
Things that are here:
a +1 dagger of venom; 8 gold pieces; a big kobold corpse You hit the hobgoblin.
You kill the hobgoblin!
The big kobold mumbles something.
x - a +1 dagger of venom Plants grow around you in an ominous manner.
Marking area around 2 oklob plants as unsafe for travelling. 2 oklob plants come into view.
* * * LOW HITPOINT WARNING * * *
You feel sick.
Marking area around 2 oklob plants as unsafe for travelling.
Things that are here:
a +0 club; a hobgoblin corpse You see here a +0 whip.
The oklob plant spits acid at you.
Fedhas protects a plant from harm.
The splash of acid hits you!
You die...

..........................#
≈≈≈≈...≈≈≈≈≈≈≈.≈.≈≈≈.≈≈≈≈≈#
≈≈≈≈≈≈≈≈≈≈≈≈≈≈≈≈≈≈≈≈≈≈≈≈≈≈#
≈≈≈≈≈≈≈≈≈≈≈≈≈≈≈≈≈≈≈≈≈≈≈≈≈≈#
≈≈≈≈≈≈≈≈≈≈≈≈≈≈#####≈≈≈≈≈≈≈#
###############..$#≈≈≈≈≈≈≈#
...## ##......#..$#≈≈≈≈≈≈≈#
....###....^..#..$#≈≈≈≈≈≈≈
.....#.......$##@#
.....#....PP..)).#
.....'...(..(.().#
..(..#...(.....).#
.....#......$)##'#
....###.......#...# ...##
##......#...# ####
########...# ###


You could see 2 oklob plants.

Vanquished Creatures
  An ogre (D:2)
  3 big kobolds (D:3)
  A hound (D:4)
  An orc priest (D:4)
  Jessica (D:2)
  An orc wizard (D:4)
  A worker ant (D:4)
  Natasha (thrice) (D:2)
  A gnoll (D:3)
  5 adders
  2 worms
  7 dart slugs
  A leopard gecko (D:3)
  2 orcs (D:4)
  4 ball pythons
  9 bats
  6 giant cockroaches
  13 goblins
  8 hobgoblins
  3 quokkas (D:3)
  2 frilled lizards
  28 kobolds
  5 rats
108 creatures vanquished.

Notes
Turn   | Place    | Note
-------+----------+-------------------------------------------
     0 | D:1      | Esekla the Spriggan Wizard began the quest for the Orb.
     0 | D:1      | Reached XP level 1. HP: 9/9 MP: 6/6
   352 | D:2      | Noticed Terence
   406 | D:2      | Noticed an ogre
   498 | D:1      | Reached XP level 2. HP: 13/13 MP: 5/8
   644 | D:2      | Noticed Jessica
   925 | D:2      | Killed Jessica
   925 | D:2      | Reached skill level 5 in Spellcasting
   925 | D:2      | Reached XP level 3. HP: 15/16 MP: 8/10
   931 | D:2      | Learned a level 2 spell: Blink
   935 | D:2      | Learned a level 3 spell: Mephitic Cloud
   939 | D:2      | Learned a level 3 spell: Conjure Flame
  1019 | D:2      | Found a faded altar of an unknown god.
  1058 | D:2      | Became a worshipper of Fedhas Madash
  1058 | D:2      | Reached * piety under Fedhas
  1479 | D:1      | Reached XP level 4. HP: 14/21 MP: 1/12
  1666 | D:2      | Noticed Natasha
  1911 | D:3      | Found a shattered altar of Ashenzari.
  1920 | D:3      | Fell from the grace of Fedhas
  1920 | D:3      | Became a worshipper of Ashenzari the Shackled
  1967 | D:2      | Killed Natasha
  1982 | D:2      | HP: 1/21 [ogre/+0 giant spiked club (19)]
  2283 | D:2      | Noticed a wandering mushroom
  2283 | D:2      | Noticed a wandering mushroom
  2313 | D:2      | Found a sacrificial altar of Ru.
  2442 | D:2      | Killed an ogre
  2442 | D:2      | Reached skill level 1 in Long Blades
  2442 | D:2      | Reached skill level 1 in Conjurations
  2442 | D:2      | Reached skill level 1 in Air Magic
  2442 | D:2      | Reached XP level 5. HP: 11/24 MP: 8/14
  2577 | D:2      | Noticed Natasha
  2591 | D:2      | Killed Natasha
  2623 | D:2      | Noticed Natasha
  2641 | D:2      | Killed Natasha
  2641 | D:2      | Reached skill level 1 in Poison Magic
  2935 | D:3      | Reached XP level 6. HP: 25/28 MP: 15/15
  3193 | D:3      | Found a bloodstained altar of Trog.
  3394 | D:4      | Reached skill level 1 in Fire Magic
  3950 | D:3      | Reached XP level 7. HP: 26/32 MP: 16/16
  4086 | D:3      | Noticed an oklob plant
  4086 | D:3      | Noticed an oklob plant
  4088 | D:3      | Killed from afar by an oklob plant

Levels and vault maps discovered:
D:1:      dpeg_arrival_shrine, layout_loops_ring
D:2:      layout_loops_ring, lemuel_crystal_altar,
          chequers_ecumenical_altar_simple_redux, minmay_misc_feat_room,
          uniq_terence, uniq_natasha, uniq_jessica
D:3:      minmay_goblin_kobold_castle, layout_rooms, lemuel_round_altar,
          first_ration, ashenzari_altar_1
D:4:      wad_crossroads, layout_basic, nicolae_qazlal_style_of_elements

Skill      XL: |  1  2  3  4  5  6 |
---------------+-------------------+-----
Spellcasting   | 5 |  5.8
Translocations | 2 3 4 |  4.3
Long Blades    | 1 2 |  2.8
Conjurations   | 1 |  1.0
Air Magic      | 1 |  1.7
Poison Magic   | 1 |  1.6
Stealth        | 4 |  4.5
Fire Magic     | 1 |  1.8
Short Blades   | |  0.3
Dodging        | |  3.9
Summonings     | |  0.7

Action                   |  1- 3 |  4- 6 |  7- 9 || total
-------------------------+-------+-------+-------++-------
Melee: Short sword       |    86 |    22 |       ||   108
       Unarmed           |     1 |       |       ||     1
       Long sword        |       |   147 |    49 ||   196
Throw: Boomerang         |       |     9 |       ||     9
 Cast: Magic Dart        |    43 |    26 |       ||    69
       Blink             |     1 |     1 |     2 ||     4
       Mephitic Cloud    |       |     8 |     4 ||    12
 Stab: Sleeping          |     8 |    13 |     1 ||    22
       Confused          |       |     2 |     4 ||     6
       Distracted        |       |     1 |     1 ||     2
  Eat: Ration            |       |     1 |       ||     1
Armor: Robe              |     9 |    28 |    12 ||    49
Dodge: Dodged            |    75 |   155 |    57 ||   287
       Rpst.: Long sword |       |    42 |    19 ||    61
